Map: Ulrena

Players

TaylorSwift

  • Race: Zerg Zerg
  • League: Gold

GammaGhost - Winner!

  • Race: Protoss Protoss
  • League: Platinum

VOD

Have the link to the VOD?

Description

Works versus Z going for 2 or 3 bases.

Time

  • Played on: Jan. 7, 2016, 10:36 p.m.
  • Length: 6:53
Show
View Real Time Build Order
Export as new Build Order

TaylorSwift Zerg 

Build Orders: Hatch First 

Get SALT Encoding   

  12  0:07  Drone  
  12  0:12  Overlord  
  13  0:21  Drone  
  14  0:31  Drone  
  14  0:32  Drone  
  16  0:39  Drone  
  17  0:50  Drone  
  18  0:59  Hatchery  
  18  1:03  Drone  
  18  1:06  Extractor  
  17  1:13  Drone  
  18  1:23  Drone  
  19  1:36  Spawning Pool  
  19  1:39  Drone  
  19  1:45  Drone  
  20  2:08  Hatchery  
  20  2:11  Drone x2  
  21  2:27  Roach Warren  
  20  2:30  Queen  
  20  2:32  Queen  
  24  2:41  Drone  
  24  2:42  Drone x2  
  24  2:43  Drone  
  28  2:50  Overlord  
  28  3:13  Metabolic Boost  
  28  3:15  Zergling x2  
  28  3:18  Roach x3  
  35  3:26  Queen  
  36  3:50  Drone x5  
  36  3:51  Overlord x2  
  36  3:52  Overlord  
  41  3:59  Lair  
  41  4:02  Drone, Extractor  
  41  4:12  Queen  
  41  4:14  Queen  
  45  4:18  Drone  
  45  4:19  Drone  
  45  4:23  Drone  
  49  4:24  Drone  
  49  4:25  Drone  
  49  4:28  Drone  
  51  4:51  Drone x5  
  51  4:52  Drone x7  
  63  4:57  Overseer  
  63  5:09  Overseer  
  63  5:18  Extractor  
  63  5:21  Extractor  
  61  5:29  Drone x3  
  64  5:44  Evolution Chamber  
  64  5:47  Hydralisk Den, Roach x3  
  56  5:59  Zergling x20  
  56  6:00  Zergling x10  
  66  6:12  Spine Crawler x2  
  66  6:13  Spine Crawler x2  
  66  6:16  Spine Crawler  
  56  6:25  Zergling x12  
Show
View Real Time Build Order
Export as new Build Order

GammaGhost Protoss - Winner!

Build Orders: 1 Gate Expand 

Get SALT Encoding   

  12  0:01  Probe (Chrono Boost)  
  13  0:12  Probe (Chrono Boost)  
  14  0:23  Probe (Chrono Boost), Pylon  
  15  0:41  Probe (Chrono Boost)  
  16  0:44  Gateway  
  16  0:52  Probe (Chrono Boost), Assimilator  
  17  1:04  Probe (Chrono Boost)  
  18  1:22  Nexus  
  18  1:33  Cybernetics Core  
  18  1:41  Pylon  
  18  1:46  Assimilator  
  18  1:54  Probe (Chrono Boost)  
  19  2:13  Mothership Core (Chrono Boost)  
  21  2:16  Adept  
  23  2:24  Warp Gate  
  23  2:32  Probe (Chrono Boost)  
  24  2:37  Probe (Chrono Boost)  
  24  2:42  Probe (Chrono Boost)  
  26  2:45  Pylon  
  26  2:49  Probe (Chrono Boost)  
  27  2:56  Probe (Chrono Boost)  
  28  3:00  Probe (Chrono Boost)  
  29  3:09  Stalker  
  31  3:16  Robotics Facility  
  31  3:19  Gateway  
  31  3:23  Gateway  
  29  3:49  Stalker  
  29  3:51  Probe (Chrono Boost)  
  29  3:52  Probe (Chrono Boost)  
  33  4:00  Probe (Chrono Boost)  
  34  4:03  Immortal (Chrono Boost)  
  38  4:10  Probe  
  38  4:13  Pylon  
  39  4:18  Gateway  
  39  4:24  Gateway  
  39  4:26  Pylon  
  39  4:32  Probe  
  40  4:41  Immortal (Chrono Boost)  
  44  4:49  Adept x2  
  48  4:57  Gateway  
  48  4:58  Probe  
  49  5:10  Adept x2  
  49  5:11  Adept  
  55  5:15  Adept  
  57  5:22  Warp Prism (Chrono Boost)  
  59  5:35  Stalker x2  
  63  6:15  Zealot  
  63  6:17  Zealot x2  
  67  6:29  Pylon  
  67  6:31  Pylon  
  67  6:32  Pylon  
  67  6:36  Stalker  
Tags
 
Add a new tag
Caveats
  • Supply blocks, unpowered buildings, or Contaminate may cause inaccurate times.
  • Supply counts are checked every 10 seconds.